 Dungeon Crawl Stone Soup version 0.31-a0-506-g3d79149578 (webtiles) character file.

Game seed: 914000131687654137

2 GordonOverkill the Sneak (level 1, -3/16 HPs)
             Began as an Octopode Delver on Aug 9, 2023.
             Slain by a black bear (7 damage)
             ... on level 5 of the Dungeon.
             The game lasted 00:00:29 (57 turns).

GordonOverkill the Sneak (Octopode Delver)            Turns: 57, Time: 00:00:30

Health: -3/16      AC:  1    Str: 11    XL:     1   Next: 30%
Magic:  1/1        EV: 13    Int: 12    God:
Gold:   0          SH:  0    Dex: 13    Spells: 0/0 levels left

rFire   . . .        a - +0 short sword
rCold   . . .        (no shield)
rNeg    . . .        (helmet restricted)
rPois   .            (no amulet)
rElec   .            (no ring)
rCorr   .            (no ring)
SInv    .            (no ring)
Will    .....        (no ring)
Stlth   ++++         (no ring)
HPRegen 0.22/turn    (no ring)
MPRegen 0.07/turn    (no ring)
                     (no ring)

%: no passive effects
@: no status effects
A: almost no armour, amphibious, 8 rings, camouflage 1, gelatinous body 1,
(nimble swimmer 1), tentacles
a: no special abilities


You were on level 5 of the Dungeon.
You visited 1 branch of the dungeon, and saw 2 of its levels.

Inventory:

Hand Weapons
 a - a +0 short sword (weapon)
Wands
 f - a wand of digging (3)
Scrolls
 b - a scroll of fog
Potions
 c - a potion of berserk rage {unknown}
 e - a potion of haste


   Skills:
 - Level 3.0 Fighting
 + Level 2.2 Short Blades
 - Level 2.0 Dodging
 - Level 6.6 Stealth


You couldn't memorise any spells.
You didn't know any spells.
Your spell library was empty.

Dungeon Overview and Level Annotations

Branches:
Dungeon (6/15)
 Temple: D:4-7

Altars:


Innate Abilities, Weirdness & Mutations

You cannot wear most types of armour.
You are amphibious.
You can wear up to eight rings at the same time.
Your skin changes colour to match your surroundings (Stealth+).
Your rubbery body absorbs attacks. (AC +1, EV +1)
((You are camouflaged when in or above water. (Stealth+)))
You have tentacles for arms and can constrict up to eight enemies at once.


Message History

There is a stone staircase leading down here.
You climb downwards.
There is a stone staircase leading up here.
Found 3 stones.
A black bear comes into view.
There is a stone staircase leading up here.
You climb upwards.
You hear the hiss of flowing sand.
There is an entrance to an ossuary on this level.
Hurry and find it before the portal is buried!
There is a stone staircase leading down here.
An ufetubus and an orc priest come into view.
Found a golden potion.
A black bear comes into view.
The black bear growls angrily.
The black bear moves out of view.
The black bear bites you.
* * * LOW HITPOINT WARNING * * *
The black bear barely misses you. The black bear claws you.
* * * LOW HITPOINT WARNING * * *
As you read the scroll of fear, it crumbles to dust.
You assume a fearsome visage.
The black bear looks frightened!
You see here a golden potion.
You hear the slow hiss of an avalanche of sand nearby.
Cornered, the black bear turns to fight!
You see here a golden potion.
c - a golden potion The black bear bites you but does no damage.
The black bear completely misses you. The black bear closely misses you.
You hit the black bear but do no damage.
You grab the black bear. You constrict the black bear.
The black bear misses you. The black bear claws you.
* * * LOW HITPOINT WARNING * * *
The black bear claws you.
* * * LOW HITPOINT WARNING * * *
An orc comes into view. It is wielding a +0 hand axe.
The orc shouts!
You hit the black bear. You squeeze the black bear.
The black bear is moderately wounded.
You constrict the black bear. The black bear bites you!
You die...

######## #......#
#......# #......###
*********
#..@h....##
*,,,,,,,*
#......#..#
*,,,,,,,*
#......##.#
*,,,,,,,*
#......##.##
****,,,,,,,*
##.#.####..# ######
,,**,,,,,,,* #....#*
##.## ######
,,**,,,,,,,*
#.#..o***#..# ######
,,**,,,,,,,*
#.###..,*##.########
,,**,,,,,,,***,*
**#.###.>#######


You could see a black bear and an orc.

Vanquished Creatures
  An orc (D:5)
1 creature vanquished.

Notes
Turn   | Place    | Note
-------+----------+-------------------------------------------
     0 | D:5      | GordonOverkill the Octopode Delver began the quest for the
                  | Orb.
     0 | D:5      | Reached XP level 1. HP: 16/16 MP: 1/1
    30 | D:6      | Noticed a black bear
    36 | D:5      | Noticed an orc priest
    44 | D:5      | Noticed a black bear
    57 | D:5      | Slain by a black bear

Illustrated notes

Levels and vault maps discovered:
D:5:      layout_rooms, enter_ossuary_4
D:6:      layout_loops_ring, elyvilon_altar_4, minmay_misc_feat_tiny,
          serial_park_tiny_2

Action                     || total
---------------------------++-------
  Melee: Short sword       ||     5
         Constrict         ||     2
         Tentacles         ||     2
    Use: Scroll            ||     2
 Armour: Skin              ||     1
  Dodge: Dodged            ||     5

Table legend: (Time is in decaauts)
 A = Elapsed time spent in this place.
 B = Non-inter-level travel time spent in this place.
 C = Inter-level travel time spent in this place.
 D = Time resting spent in this place.
 E = Time spent auto-exploring this place.
 F = Levels seen in this place.
 G = Mean time per level.
                   A        B        C        D        E       F      G
               +--------+--------+--------+--------+--------+-----+--------+
         Total |     56 |     56 |      0 |      0 |      0 |   2 |   28.0 |
       Dungeon |     56 |     56 |      0 |      0 |      0 |   2 |   28.0 |
               +--------+--------+--------+--------+--------+-----+--------+

Top non-repeatable levels by time:
     D:5: 51 daAuts
     D:6: 5 daAuts
